 Dungeon Crawl Stone Soup version 0.21.1-1-g345015fe64 (webtiles) character file.

53 emmagoldmann2017 the Ogre Mage (level 3, -2/31 HPs)
             Began as an Ogre Fire Elementalist on July 28, 2018.
             Slain by a gnoll
             ... wielding a +0 spear
              (8 damage)
             ... on level 2 of the Dungeon.
             The game lasted 00:11:44 (1928 turns).

emmagoldmann2017 the Ogre Mage (OgFE)               Turns: 1928, Time: 00:11:45

Health: -2/31      AC:  3    Str: 12    XL:     3   Next: 89%
Magic:  1/7        EV: 10    Int: 17    God:
Gold:   112        SH:  0    Dex:  9    Spells: 5/8 levels left

rFire    + . .     SeeInvis .   n - +0 mace
rCold    . . .     Gourm    .   (no shield)
rNeg     . . .     Faith    .   a - +0 robe
rPois    .         Spirit   .   (helmet restricted)
rElec    .         Reflect  .   (no cloak)
rCorr    .         Harm     .   (gloves unavailable)
MR       .....                  (boots unavailable)
Stlth    +.........             (no amulet)
HPRegen  0.10/turn              h - ring of fire
MPRegen  0.10/turn              d - ring of protection from cold

@: no status effects
A: large, unfitting armour, tough skin 1
a: no special abilities


You were on level 2 of the Dungeon.
You were not hungry.

You visited 1 branch of the dungeon, and saw 2 of its levels.

You collected 112 gold pieces.

Inventory:

Hand Weapons
 g - a +0 club
 i - a +0 whip
 n - a +0 mace (weapon)
Missiles
 j - 40 stones (quivered)
Armour
 a - a +0 robe (worn)
Jewellery
 d - a ring of protection from cold (right hand)
 h - a ring of fire (left hand)
 t - an uncursed ring of flight {unknown}
Scrolls
 e - 3 scrolls of magic mapping {unknown}
 f - 3 scrolls of identify {unknown}
 l - a scroll of random uselessness {unknown}
 m - a scroll of amnesia {unknown}
 r - a scroll of enchant armour {unknown}
 u - a scroll of teleportation {unknown}
Potions
 k - 2 potions of lignification {unknown}
 o - a potion of agility {unknown}
 q - a potion of mutation {unknown}
 s - a potion of degeneration {unknown}
 v - a potion of heal wounds {unknown}
Books
 b - a book of Flames

   Spells                             Type                      Level
   a - Flame Tongue                   Conjuration/Fire             1
   b - Throw Flame                    Conjuration/Fire             2
   c - Conjure Flame                  Conjuration/Fire             3
   d - Inner Flame                    Hexes/Fire                   3
   e - Sticky Flame                   Conjuration/Fire             4
   f - Fireball                       Conjuration/Fire             5
Comestibles
 c - 5 rations
 p - 2 chunks of flesh


   Skills:
 - Level 1.7 Dodging
 - Level 1.4 Stealth
 + Level 3.2 Spellcasting
 + Level 2.0 Conjurations
 + Level 3.2 Fire Magic


You had 5 spell levels left.
You knew the following spells:

 Your Spells              Type           Power        Failure   Level  Hunger
a - Flame Tongue          Conj/Fire      ###..        6%          1    None
b - Throw Flame           Conj/Fire      ###...       9%          2    ##.....


Dungeon Overview and Level Annotations

Branches:
Dungeon (2/15)

Altars:
Kikubaaqudgha


Innate Abilities, Weirdness & Mutations

You are too large for most types of armour.
You have tough skin. (AC +1)


Message History

The gnoll hits you but does no damage.
Casting: Flame Tongue
Confirm with . or Enter, or press ? or * to list all spells.
Aiming: Flame Tongue
Press: ? - help, Shift-Dir - straight line, f/p - gnoll
Aim: a gnoll, wielding a spear (moderately wounded)
You feel a surge of power!
The flame tongue hits the gnoll.
The gnoll is heavily wounded.
The gnoll hits you from afar with a spear.
* * * LOW HITPOINT WARNING * * *
Your magical contamination has completely faded away.
Casting: Flame Tongue
Confirm with . or Enter, or press ? or * to list all spells.
Aiming: Flame Tongue
Press: ? - help, Shift-Dir - straight line, f/p - gnoll
Aim: a gnoll, wielding a spear (heavily wounded)
You feel a surge of power!
The flame tongue hits the gnoll.
The gnoll is severely wounded.
The gnoll hits you from afar with a spear!
You die...

..###.####..<# #.........# .. ##
#.#######.# #. .. ..#####...#
#.#### .....##.#<# #### ###.....
.....##...[...... ..# #......)
.....############ #.# #.....#.
._......###########.######.......
......#.......g.@........+.......
......####.#########.#####.......
...)..# #.# #.## #.......
#.....#..#.# #..# #.###.##
#.#####..#.# ##.# # #.#
...#.....#.### #.# #.# #.##
...#.....#[..# #.## #.# #.#.
...#....####.# #..# #.# #.#.
........# #.# ##.# #.# #.#.


You could see a gnoll.

Vanquished Creatures
  An adder (D:2)
  2 oozes (D:1)
  A worm (D:2)
  2 dart slugs (D:1)
  2 leopard geckos (D:1)
  3 giant cockroaches
  4 goblins (D:1)
  3 hobgoblins
  A jackal (D:2)
  2 kobolds
  3 bats
  A frilled lizard (D:2)
  A rat (D:1)
26 creatures vanquished.

Notes
Turn   | Place    | Note
-------+----------+-------------------------------------------
     0 | D:1      | emmagoldmann2017 the Ogre Fire Elementalist began the quest for the Orb.
     0 | D:1      | Reached XP level 1. HP: 16/16 MP: 3/3
    72 | D:1      | Reached skill level 1 in Conjurations
   255 | D:1      | Reached XP level 2. HP: 14/24 MP: 2/5
   903 | D:1      | Reached XP level 3. HP: 31/31 MP: 1/7
  1168 | D:1      | Learned a level 2 spell: Throw Flame
  1213 | D:2      | Found an ancient bone altar of Kikubaaqudgha.
  1928 | D:2      | Slain by a gnoll

Skill      XL: |  1  2  3 |
---------------+----------+-----
Conjurations   | 1 2 |  2.0
Fire Magic     | 3 |  3.2
Spellcasting   | 3 |  3.2
Dodging        | |  1.7
Stealth        | |  1.4

Action                   || total
-------------------------++-------
Melee: Unarmed           ||     5
       Mace              ||     1
 Cast: Flame Tongue      ||    55
  Eat: Chunk             ||     3
Armor: Robe              ||     8
Dodge: Dodged            ||     9
